 Dungeon Crawl Stone Soup version 0.20.0-10-g0535bb4 (webtiles) character file.

301 sighowe the Slasher (level 6, -9/79 HPs)
             Began as a Draconian Berserker on June 5, 2017.
             Was a Priest of Trog.
             Mangled by a two-headed ogre
             ... wielding a +0 giant club
              (12 damage)
             ... on level 3 of the Dungeon.
             The game lasted 00:08:41 (3246 turns).

sighowe the Slasher (Draconian Berserker)           Turns: 3246, Time: 00:08:42

Health: -9/79      AC: 23    Str: 24    XL:     6   Next: 14%
Magic:  6/6        EV:  2    Int:  7    God:    Trog [***...]
Gold:   125        SH:  0    Dex: 10    Spells: 5/5 levels left

rFire    . . .     SeeInvis .   l - +5 spear
rCold    . . .     Gourm    .   (no shield)
rNeg     + + +     Faith    .   (armour unavailable)
rPois    +         Spirit   .   (helmet currently unavailable)
rElec    .         Reflect  .   (cloak currently unavailable)
rCorr    .         Harm     +   (gloves currently unavailable)
MR       .....     NoTele   +   (boots currently unavailable)
Stlth    +.........             e - amulet of harm
Regen    0.3/turn               (no ring)
MPRegen  0.1/turn               (no ring)

@: tree-form
A: unfitting armour, strong 1, AC +6
a: Berserk, Trog's Hand, Burn Spellbooks, Renounce Religion


You were on level 3 of the Dungeon.
You worshipped Trog.
Trog was most pleased with you.
You were not hungry.
You were a tree.
You visited 1 branch of the dungeon, and saw 3 of its levels.

You collected 125 gold pieces.

Inventory:

Hand Weapons
 a - a +0 falchion
 l - a +5 spear (weapon)
 n - a +2 quarterstaff of chaos
Armour
 o - a +0 cloak (melded)
Jewellery
 e - an amulet of harm (around neck)
Wands
 k - a wand of iceblast (1/15)
Scrolls
 c - a scroll of teleportation
 m - 2 scrolls of remove curse
Potions
 d - a potion of agility
 f - a potion of degeneration {unknown}
 g - a potion of lignification
 i - 2 potions of curing
 j - 2 potions of resistance {unknown}
Comestibles
 b - a bread ration
 h - a meat ration


   Skills:
 + Level 4.3 Fighting
 + Level 4.9 Long Blades
 + Level 1.9 Polearms
 + Level 3.9 Dodging
 + Level 0.8 Stealth


You had 5 spell levels left.
You didn't know any spells.

Dungeon Overview and Level Annotations

Branches:
Dungeon (3/15)

Altars:
Okawaru
The Shining One


Innate Abilities, Weirdness & Mutations

((Your plain brown scales are hard. (AC +6)))
You cannot fit into any form of body armour.
((You are cold-blooded and may be slowed by cold attacks.))
((You have very sharp teeth.))
Your muscles are strong. (Str +2)


Message History

The two-headed ogre is lightly wounded.
The two-headed ogre closely misses you.
The two-headed ogre completely misses you.
It was a potion of lignification.
You turn into a tree.
Your +0 cloak melds into your body.
Your roots penetrate the ground.
You puncture the two-headed ogre!
The two-headed ogre is moderately wounded.
The two-headed ogre hits you with a giant club!
* * * LOW HITPOINT WARNING * * *
The two-headed ogre hits you with a giant club.
* * * LOW HITPOINT WARNING * * *
You barely miss the two-headed ogre.
The two-headed ogre is moderately wounded.
The two-headed ogre hits you but does no damage.
The two-headed ogre hits you with a giant club!
* * * LOW HITPOINT WARNING * * *
You hit the two-headed ogre.
The two-headed ogre is moderately wounded.
The two-headed ogre hits you with a giant club!
You die...

###...### #.......#
#.......# #.......#
########.#...### #
#......>.#...# #.#
#.#####..##### ..
#####.#####..#
#..#.##.O♣.........#
#.......###.#####.##
....#.#### #.#####.#
. # #.......#
#########


You could see a two-headed ogre.

Vanquished Creatures
  Crazy Yiuf (D:2)
  Terence (D:2)
  An orc wizard (D:3)
  Ijyb (D:3)
  Robin (D:2)
  11 adders
  2 worms (D:2)
  3 dart slugs
  A leopard gecko (D:2)
  2 orcs (D:3)
  5 bats
  4 giant cockroaches
  18 goblins
  11 hobgoblins
  11 kobolds
  4 frilled lizards
  5 rats
82 creatures vanquished.

Notes
Turn   | Place    | Note
-------+----------+-------------------------------------------
     0 | D:1      | sighowe the Draconian Berserker began the quest for the Orb.
     0 | D:1      | Reached XP level 1. HP: 19/19 MP: 1/1
   127 | D:1      | Reached XP level 2. HP: 20/26 MP: 2/2
   753 | D:1      | Reached XP level 3. HP: 25/31 MP: 3/3
   818 | D:1      | Reached ** piety under Trog
  1347 | D:2      | Noticed Terence
  1363 | D:2      | Killed Terence
  1363 | D:2      | Reached XP level 4. HP: 19/40 MP: 4/4
  1725 | D:2      | Found a glowing golden altar of the Shining One.
  1730 | D:2      | Noticed Robin
  1767 | D:2      | Gained mutation: Your muscles are strong. (Str +2) [potion of mutation]
  1767 | D:2      | Gained mutation: You have very sharp teeth. [potion of mutation]
  1769 | D:2      | Killed Robin
  1769 | D:2      | Reached XP level 5. HP: 5/46 MP: 5/5
  2203 | D:2      | Found a runed door.
  2667 | D:2      | Noticed Crazy Yiuf
  2673 | D:2      | Killed Crazy Yiuf
  2772 | D:3      | Found an iron altar of Okawaru.
  2780 | D:3      | Reached *** piety under Trog
  2780 | D:3      | Reached skill level 1 in Polearms
  3144 | D:3      | Noticed Ijyb
  3158 | D:3      | Reached XP level 6. HP: 31/52 MP: 6/6
  3172 | D:3      | Killed Ijyb
  3234 | D:3      | Noticed a two-headed ogre
  3245 | D:3      | HP: 3/79 [two-headed ogre/giant club (8)]
  3246 | D:3      | Mangled by a two-headed ogre

Skill      XL: |  1  2  3  4  5 |
---------------+----------------+-----
Dodging        | 3 |  3.9
Long Blades    | 4 |  4.9
Fighting       | 4 |  4.3
Polearms       | 1 |  1.9
Stealth        | |  0.8

Action                   |  1- 3 |  4- 6 || total
-------------------------+-------+-------++-------
Melee: Falchion          |   115 |    72 ||   187
       Tailslap          |    15 |    24 ||    39
       Bite              |       |    12 ||    12
       Spear             |       |   101 ||   101
  Use: Potion            |       |     2 ||     2
       Scroll            |       |     4 ||     4
 Stab: Sleeping          |       |     1 ||     1
  Eat: Bread ration      |     1 |     1 ||     2
       Chunk             |       |     2 ||     2
Armor: Skin              |    37 |    59 ||    96
Dodge: Dodged            |    64 |   121 ||   185
       Rpst.: Falchion   |    20 |    18 ||    38
